 Dungeon Crawl Stone Soup version 0.22-a0-162-g33bf127 (webtiles) character file.

8 Amnesiac the Poker (level 2, 0/24 HPs)
             Began as a Demonspawn Monk on Feb 12, 2018.
             Slain by a ball python (1 damage)
             ... on level 1 of the Dungeon.
             The game lasted 00:00:19 (337 turns).

Amnesiac the Poker (Demonspawn Monk)                 Turns: 337, Time: 00:00:20

Health: 0/24       AC:  2    Str: 11    XL:     2   Next: 0%
Magic:  2/2        EV: 10    Int: 11    God:
Gold:   16         SH:  0    Dex: 15    Spells: 1/1 levels left

rFire    + . .     SeeInvis .   a - +0 spear
rCold    . . .     Gourm    .   (no shield)
rNeg     . . .     Faith    .   b - +0 robe
rPois    .         Spirit   .   (no helmet)
rElec    .         Reflect  .   (no cloak)
rCorr    .         Harm     .   (no gloves)
MR       .....                  (no boots)
Stlth    ++........             (no amulet)
HPRegen  0.08/turn              (no ring)
MPRegen  0.08/turn              (no ring)

@: constricted
A: fire resistance 1
a: no special abilities


You were on level 1 of the Dungeon.
You were not hungry.

You visited 1 branch of the dungeon, and saw 1 of its levels.

You collected 16 gold pieces.

Inventory:

Hand Weapons
 a - a +0 spear (weapon)
Missiles
 d - 3 stones (quivered)
Armour
 b - a +0 robe (worn)
Scrolls
 e - a scroll of identify {!r, unknown}
Comestibles
 c - 2 rations
 f - 6 chunks of flesh


   Skills:
 - Level 3.0 Fighting
 + Level 3.2 Polearms
 - Level 2.6 Dodging
 - Level 1.7 Stealth


You had one spell level left.
You didn't know any spells.

Dungeon Overview and Level Annotations

Branches:
Dungeon (1/15)

Altars:


Innate Abilities, Weirdness & Mutations

Your flesh is heat resistant. (rF+)


Message History

The kobold misses you.
A hobgoblin comes into view. It is wielding a club.
You hit the kobold.
You kill the kobold!
Attack whom?
Press: ? - help, Dir - move target cursor, f - goblin
Aim: a goblin, wielding a club You reach to attack!
You barely miss the goblin. You barely miss the goblin.
The goblin hits you with a club.
You hit the goblin.
The goblin is heavily wounded.
The ball python bites you. The ball python closely misses you.
The goblin closely misses you.
You hit the goblin.
You kill the goblin!
You have reached level 2!
Your demonic ancestry asserts itself...
You feel resistant to heat.
The ball python bites you but does no damage.
The ball python misses you.
You closely miss the ball python. The ball python bites you.
The ball python closely misses you.
You barely miss the hobgoblin. The ball python barely misses you.
The ball python closely misses you. The hobgoblin hits you with a club.
* * * LOW HITPOINT WARNING * * *
The ball python bites you.
* * * LOW HITPOINT WARNING * * *
The ball python barely misses you.
You barely miss the hobgoblin. The ball python barely misses you.
The ball python misses you. The hobgoblin hits you with a club.
* * * LOW HITPOINT WARNING * * *
You hit the hobgoblin but do no damage. The ball python bites you.
* * * LOW HITPOINT WARNING * * *
The ball python barely misses you.
A bat comes into view.
You hit the hobgoblin.
The hobgoblin is almost dead.
The hobgoblin completely misses you. The ball python misses you.
The ball python grabs you. The ball python constricts you.
You closely miss the ball python. The ball python bites you.
* * * LOW HITPOINT WARNING * * *
The ball python constricts you. The hobgoblin barely misses you.
You are too injured to fight recklessly!
You are too injured to fight recklessly!
You are too injured to fight recklessly!
You are too injured to fight recklessly!
You are too injured to fight recklessly!
You are too injured to fight recklessly!
You are too injured to fight recklessly!
You are too injured to fight recklessly!
You are too injured to fight recklessly!
You are too injured to fight recklessly!
You are too injured to fight recklessly!
You closely miss the hobgoblin.
The hobgoblin is almost dead.
The ball python barely misses you. The ball python constricts you.
The hobgoblin hits you with a club.
* * * LOW HITPOINT WARNING * * *
You closely miss the hobgoblin.
The hobgoblin is almost dead.
The ball python bites you but does no damage.
The ball python constricts you. The hobgoblin misses you.
The ball python barely misses you.
You die...

################
.........#####.. ..
........... ...##.#
##)#####.# #[.#..#
#..).....### .....#
#..####....# #.#..# #.)#
#....# .b..# #..# #..).#
#gS.#
#..####....#####@..#
...............##..######
#########...##.##.......#
#...##.##..####.#
#...##........#
#...#####...#.# #####
#...# # ...... #.#..##


You could see a hobgoblin, a bat and a ball python.

Vanquished Creatures
  4 goblins (D:1)
  A hobgoblin (D:1)
  A bat (D:1)
  2 kobolds (D:1)
8 creatures vanquished.

Notes
Turn   | Place    | Note
-------+----------+-------------------------------------------
     0 | D:1      | Amnesiac the Demonspawn Monk began the quest for the Orb.
     0 | D:1      | Reached XP level 1. HP: 18/18 MP: 1/1
   329 | D:1      | Gained mutation: Your flesh is heat resistant. (rF+) [demonic ancestry]
   329 | D:1      | Reached XP level 2. HP: 15/24 MP: 2/2
   336 | D:1      | HP: 1/24 [hobgoblin/club (5)]
   337 | D:1      | Slain by a ball python

Vault maps used:
D:1:      eino_arrival_tree_alley

Skill      XL: |  1 |
---------------+----+-----
Polearms       | 3 |  3.2
Fighting       | |  3.0
Dodging        | |  2.6
Stealth        | |  1.7

Action                   || total
-------------------------++-------
Melee: Spear             ||    51
Armor: Robe              ||     6
Dodge: Dodged            ||    34

Table legend:
 A = Spawn XP
 B = Non-spawn XP
 C = Spawn XP percentage of total XP
 D = Spawn monster count
 E = Non-spawn monster count
 F = Spawn count percentage of total count
 G = Total turns spent on level
                    A         B        C        D         E        F      G
               +---------+---------+-------+---------+---------+-------+---------
         Total |       0 |      12 |   0.0 |       0 |       8 |   0.0 |   337
               +---------+---------+-------+---------+---------+-------+---------
           D:1 |       0 |      12 |   0.0 |       0 |       8 |   0.0 |   337
               +---------+---------+-------+---------+---------+-------+---------
